 Dungeon Crawl Stone Soup version 0.23-a0-396-g5214e5f (webtiles) character file.

56 galech the Skirmisher (level 3, -1/29 HPs)
             Began as a Demonspawn Fighter on Nov 2, 2018.
             Succumbed to an orc wizard's poison
             ... on level 3 of the Dungeon.
             The game lasted 00:02:19 (1812 turns).

galech the Skirmisher (Demonspawn Fighter)          Turns: 1812, Time: 00:02:19

Health: -1/29      AC: 11    Str: 16    XL:     3   Next: 69%
Magic:  3/3        EV:  7    Int:  9    God:
Gold:   74         SH:  9    Dex: 13    Spells: 2/2 levels left

rFire    . . .     SeeInvis .   a - +0 war axe
rCold    . . .     Gourm    .   c - +0 shield
rNeg     . . .     Faith    .   r - +0 scale mail (curse)
rPois    .         Spirit   .   (no helmet)
rElec    .         Reflect  .   (no cloak)
rCorr    .         Harm     +   q - +1 pair of gloves
MR       .....                  (no boots)
Stlth    ..........             l - amulet of harm
HPRegen  0.09/turn              (no ring)
MPRegen  0.08/turn              (no ring)

@: lethally poisoned (-1 -> -42)
A: yellow scales 1
a: no special abilities


You were on level 3 of the Dungeon.
You were very hungry.

You visited 1 branch of the dungeon, and saw 3 of its levels.

You collected 74 gold pieces.

Inventory:

Hand Weapons
 a - a +0 war axe (weapon)
Armour
 b - a +0 scale mail
 c - a +0 shield (worn)
 q - a +1 pair of gloves (worn)
 r - a cursed +0 scale mail (worn)
Jewellery
 l - an amulet of harm (around neck)
Scrolls
 e - a scroll of remove curse {unknown}
 h - 3 scrolls of identify {unknown}
 j - a scroll of blinking {unknown}
 k - 3 scrolls of enchant weapon {unknown}
 m - a scroll of teleportation {unknown}
 p - 3 scrolls of noise {unknown}
Potions
 d - a potion of might
 g - a potion of heal wounds {unknown}
 i - a potion of berserk rage {unknown}
 o - 2 potions of cancellation {unknown}
Comestibles
 f - 4 rations


   Skills:
 + Level 3.2 Fighting
 + Level 2.2 Axes
 + Level 3.2 Armour
 + Level 0.8 Dodging
 + Level 3.1 Shields


You had 2 spell levels left.
You didn't know any spells.
Your spell library was empty.

Dungeon Overview and Level Annotations

Branches:
Dungeon (3/15)

Altars:


Innate Abilities, Weirdness & Mutations

You are partially covered in yellow scales. (AC +2)


Message History

You feel sick.
There is a stone staircase leading up here.
You feel sick. Something hits you but does no damage.
You are more poisoned.
You feel sick.
You miss something.
You feel very sick. Something hits you.
You are more poisoned.
Something hits you.
You are more poisoned.
You feel very sick. The orc priest closely misses you.
You bump into the rock wall.
* * * LOW HITPOINT WARNING * * *
You feel very sick. Something hits you but does no damage.
The orc priest hits you with a +0 club.
* * * LOW HITPOINT WARNING * * *
You feel less confused.
You die...

...# ..# #.#..##..
#.#..... #.#....
#.#... . #.#..# +#
... #.#).###.#####
.#...#..<.o........
...........@.......
##...#)..........##
.<.. #...###.###.#
.. #...# ... ..
...... .... .
........ ..##.#
.##...## #.# # ..
....# .#


You could see an orc priest.

Vanquished Creatures
  A worm (D:2)
  A dart slug (D:1)
  A leopard gecko (D:1)
  4 orcs
  6 bats
  2 giant cockroaches (D:2)
  2 goblins (D:1)
  7 hobgoblins
  A quokka (D:3)
  A ball python (D:2)
  10 kobolds
  5 rats
41 creatures vanquished.

Notes
Turn   | Place    | Note
-------+----------+-------------------------------------------
     0 | D:1      | galech the Demonspawn Fighter began the quest for the Orb.
     0 | D:1      | Reached XP level 1. HP: 18/18 MP: 1/1
   161 | D:1      | Gained mutation: You are partially covered in yellow
                  | scales. (AC +2) [demonic ancestry]
   161 | D:1      | Reached XP level 2. HP: 18/24 MP: 2/2
   660 | D:2      | Reached XP level 3. HP: 29/29 MP: 3/3
  1812 | D:3      | Succumbed to an orc wizard's poison

Vault maps used:
D:1:      eino_arrival_cavern_d, minmay_quantized
D:3:      first_ration, gammafunk_ghost_stat_death, minmay_bisected

Skill      XL: |  1  2  3 |
---------------+----------+-----
Shields        | 3 |  3.1
Axes           | 2 |  2.2
Armour         | 3 |  3.2
Fighting       | |  3.2
Dodging        | |  0.8

Action                   || total
-------------------------++-------
Melee: War axe           ||   128
  Eat: Chunk             ||     2
Armor: Scale mail        ||    74
Dodge: Dodged            ||    47
Block: Shield            ||    81

Table legend:
 A = Non-vault XP
 B = Vault XP
 C = Vault XP percentage of total XP
 D = Non-vault monster count
 E = Vault monster count
 F = Vault count percentage of total count
                 A         B        C        D         E       F
            +---------+---------+-------+---------+---------+-------
      Total |      73 |       7 |   8.8 |      37 |       4 |   9.8
            +---------+---------+-------+---------+---------+-------
        D:1 |      28 |       7 |  20.0 |      15 |       4 |  21.1
        D:2 |      38 |       0 |   0.0 |      19 |       0 |   0.0
        D:3 |       7 |       0 |   0.0 |       3 |       0 |   0.0
            +---------+---------+-------+---------+---------+-------
